 Dungeon Crawl Stone Soup version 0.19.4 (webtiles) character file.

122 vatarom the Insei (level 5, -20/33 HPs)
             Began as an Octopode Transmuter on Feb 3, 2017.
             Demolished by an ogre
             ... wielding a +0 giant club
              (28 damage)
             ... on level 3 of the Dungeon.
             The game lasted 00:05:56 (3182 turns).

vatarom the Insei (Octopode Transmuter)             Turns: 3182, Time: 00:05:56

Health: -20/33     AC:  1    Str:  9    XL:     5   Next: 6%
Magic:  8/9        EV: 13    Int: 16    God:
Gold:   133        SH:  0    Dex: 13    Spells: 3 memorised, 3 levels left

rFire  . . .     SeeInvis .       - Unarmed
rCold  . . .     Gourm    .     (no shield)
rNeg   . . .     Faith    .     (helmet restricted)
rPois  .         Spirit   .     (no amulet)
rElec  .         Reflect  .     d - ring of teleportation (curse)
rCorr  .         Harm     .     (no ring)
MR     .....     Rnd*Tele +     (no ring)
Stlth  ++........               (no ring)
                                (no ring)
                                (no ring)
                                (no ring)
                                (no ring)

@: no status effects
A: almost no armour, stealthy swim, amphibious, 8 rings, constrict 8, camouflage
1, gelatinous body 1
a: no special abilities


You were on level 3 of the Dungeon.
You were not hungry.

You visited 1 branch of the dungeon, and saw 4 of its levels.

You collected 133 gold pieces.

Inventory:

Missiles
 a - 29 arrows
Jewellery
 d - a cursed ring of teleportation (left tentacle)
Wands
 l - a wand of slowing (32/48)
 p - a wand of flame (18/48)
Scrolls
 e - 6 scrolls of identify
 i - 2 scrolls of remove curse
 j - 2 scrolls of fear
 m - a scroll of teleportation {unknown}
Potions
 h - a potion of curing
 n - a potion of heal wounds
 o - a potion of agility
Books
 b - a book of Changes

   Spells                             Type                      Level
   a - Beastly Appendage              Transmutation                1
   b - Sticks to Snakes               Transmutation                2
   c - Spider Form                    Transmutation/Poison         3
   d - Ice Form                       Ice/Transmutation            4
   e - Blade Hands                    Transmutation                5
Comestibles
 c - 4 bread rations
 f - 2 slices of pizza
 g - 2 beef jerkies
 k - 3 fruits


   Skills:
 - Level 1.0 Fighting
 - Level 2.0 Dodging
 * Level 4.5 Unarmed Combat
 + Level 2.6 Spellcasting
 + Level 3.1 Transmutations


You had 3 spell levels left.
You knew the following spells:

 Your Spells              Type           Power        Failure   Level  Hunger
a - Beastly Appendage     Tmut           ##....       8%          1    #......
b - Sticks to Snakes      Tmut           ##......     10%         2    ##.....
c - Spider Form           Tmut/Pois      #.........   34%         3    ###....


Dungeon Overview and Level Annotations

Branches:
Dungeon (4/15)
 Temple: D:4-7

Altars:


Innate Abilities, Weirdness & Mutations

You cannot wear most types of armour.
You are very stealthy in the water. (Stealth+)
You are amphibious.
You can wear up to eight rings at the same time.
You can use your tentacles to constrict eight enemies at once.
Your skin changes colour to match your surroundings (Stealth+).
Your rubbery body absorbs attacks. (AC +1, EV +1)


Message History

Your adder completely misses the frilled lizard.
Your adder closely misses the frilled lizard.
The ogre hits you with a giant club!!
Ouch! That really hurt!
Your adder bites the ogre.
There is a stone staircase leading up here.
The ogre hits you with a giant club!
* * * LOW HITPOINT WARNING * * *
Your adder bites the ogre.
The frilled lizard closely misses you.
You climb upwards.
There is a stone staircase leading down here.
Unknown command.
Unknown command.
The frilled lizard barely misses you.
Casting: Sticks to Snakes
Confirm with . or Enter, or press ? or * to list all spells.
Okay, then.
You open the door. The ogre hits you with a giant club!!
Ouch! That really hurt!
You die...

############ #####
#.....(....##########....
#......>............#.###
#..........######.#......
#######......<....[......
#l###.#.#.#.#...#..
#.##....#.......#.#
#O##..)######....##
#.@'...'...........
####...#######.#..# #...#
#..... #...# ####..
###)รท.##### ##.
#.......<.# #.
#.........# ##
#.........# # #.........#
#


You could see an ogre and a frilled lizard.

Vanquished Creatures
  Robin (D:2)
  3 adders
  A leopard gecko (D:1)
  An orc (D:3)
  A ball python (D:3)
  8 bats
  A giant cockroach (D:3)
  13 hobgoblins
  7 kobolds
  A quokka (D:2)
  6 frilled lizards
  16 goblins
  9 rats
68 creatures vanquished.

Vanquished Creatures (collateral kills)
  2 adders (D:2)
  A rat (D:3)
3 creatures vanquished.

Grand Total: 71 creatures vanquished

Notes
Turn   | Place    | Note
-------+----------+-------------------------------------------
     0 | D:1      | vatarom the Octopode Transmuter began the quest for the Orb.
     0 | D:1      | Reached XP level 1. HP: 13/13 MP: 3/3
   130 | D:1      | Reached XP level 2. HP: 14/18 MP: 5/5
   182 | D:1      | Learned a level 2 spell: Sticks to Snakes
   942 | D:2      | Reached XP level 3. HP: 20/23 MP: 6/6
   947 | D:2      | Learned a level 3 spell: Spider Form
  1679 | D:2      | Reached skill level 4 in Unarmed Combat
  1806 | D:2      | Noticed Robin
  1886 | D:2      | Killed Robin
  1886 | D:2      | Reached XP level 4. HP: 27/28 MP: 4/7
  2679 | D:3      | Reached XP level 5. HP: 24/33 MP: 1/8
  2964 | D:4      | Noticed an ogre
  3167 | D:4      | Noticed an ogre
  3182 | D:3      | Demolished by an ogre

Skill      XL: |  1  2  3  4 |
---------------+-------------+-----
Unarmed Combat | 4 |  4.5
Transmutations | 3 |  3.1
Fighting       | |  1.0
Dodging        | |  2.0
Spellcasting   | |  2.6

Action                   |  1- 3 |  4- 6 || total
-------------------------+-------+-------++-------
Melee: Unarmed           |    88 |    65 ||   153
       Constrict         |    16 |    11 ||    27
       Tentacles         |     6 |     5 ||    11
       Punch             |     2 |     1 ||     3
       Kick              |     2 |       ||     2
 Cast: Sticks to Snakes  |     4 |     8 ||    12
       Beastly Appendage |     2 |       ||     2
       Spider Form       |     1 |     1 ||     2
  Use: Scroll            |     5 |     2 ||     7
       Potion            |     2 |     5 ||     7
 Stab: Sleeping          |     8 |     5 ||    13
       Distracted        |     1 |       ||     1
  Eat: Chunk             |     3 |     5 ||     8
Armor: Skin              |     5 |     4 ||     9
Dodge: Dodged            |    57 |    42 ||    99
